 Dungeon Crawl Stone Soup version 0.24.0-123-gd5b16e6ec5 (webtiles) character file.

Game seed: 18124019538252132440, levelgen mode: deterministic

44 FishyPogo the Stinger (level 3, -14/21 HPs)
             Began as an Octopode Venom Mage on Jan 3, 2020.
             Was an Initiate of Gozag.
             Demolished by Sigmund
             ... wielding a +0 scythe
              (15 damage)
             ... on level 3 of the Dungeon.
             The game lasted 00:05:46 (2010 turns).

FishyPogo the Stinger (Octopode Venom Mage)         Turns: 2010, Time: 00:05:47

Health: -14/21     AC:  1    Str:  4 (7)  XL:     3   Next: 60%
Magic:  0/6        EV: 13    Int: 21 (22) God:    Gozag
Gold:   157        SH:  0    Dex: 11 (13) Spells: 3/6 levels left

rFire    . . .     SeeInvis .   a - +0 dagger (freeze)
rCold    . . .     Gourm    .   (no shield)
rNeg     . . .     Faith    .   (helmet restricted)
rPois    .         Spirit   .   (no amulet)
rElec    .         Reflect  .   (no ring)
rCorr    .         Harm     .   (no ring)
MR       .....                  (no ring)
Stlth    +++.......             (no ring)
HPRegen  0.07/turn              (no ring)
MPRegen  0.10/turn              (no ring)
                                (no ring)
                                (no ring)

@: brilliant
A: almost no armour, stealthy swim, amphibious, 8 rings, constrict 8, camouflage
1, gelatinous body 1
a: Potion Petition, Call Merchant, Bribe Branch, Renounce Religion


You were on level 3 of the Dungeon.
You worshipped Gozag.
Gozag was aware of your devotion.
You were not hungry.

You visited 1 branch of the dungeon, and saw 3 of its levels.

You collected 169 gold pieces.
You paid 12 gold pieces to Gozag.

Inventory:

Hand Weapons
 a - a +0 dagger of freezing (weapon)
Missiles
 c - 139 stones (quivered)
 d - 6 poisoned darts
Scrolls
 f - 2 scrolls of remove curse {unknown}
 g - 2 scrolls of magic mapping {unknown}
 i - 2 scrolls of blinking {unknown}
 j - 2 scrolls of identify {unknown}
 m - a scroll of amnesia {unknown}
 n - a scroll of fear {unknown}
Potions
 h - a potion of heal wounds
Comestibles
 b - 4 rations


   Skills:
 + Level 0.0 Fighting
 + Level 2.4 Dodging
 * Level 4.0 Stealth
 - Level 2.0 Spellcasting
 + Level 1.6 Conjurations
 - Level 4.0 Poison Magic


You had 3 spell levels left.
You knew the following spells:

 Your Spells              Type           Power        Failure   Level  Hunger
a - Sting                 Conj/Pois      ####         1%          1    #......
b - Poisonous Vapours     Pois/Air       ###...       1%          2    ##.....

Your spell library contained the following spells:

 Spells                   Type           Power        Failure   Level  Hunger
 Mephitic Cloud           Conj/Pois/Air  ###.....     2%          3    ###....
 Olgreb's Toxic Radiance  Pois           ####....     3%          4    #####..
 Venom Bolt               Conj/Pois      ####......   13%         5    ######.


Dungeon Overview and Level Annotations

Branches:
Dungeon (3/15)

Altars:
Gozag

Annotations:
D:3 Sigmund


Innate Abilities, Weirdness & Mutations

You cannot wear most types of armour.
You are very stealthy in the water. (Stealth+)
You are amphibious.
You can wear up to eight rings at the same time.
You can use your tentacles to constrict eight enemies at once.
Your skin changes colour to match your surroundings (Stealth+).
Your rubbery body absorbs attacks. (AC +1, EV +1)


Message History

Press: ? - help, Shift-Dir - straight line
Casting: Sting (safe; 1% risk of failure)
Confirm with . or Enter, or press ? or * to list all spells.
Aiming: Poisonous Vapours (safe; 1% risk of failure)
Press: ? - help, Dir - move target cursor Poisonous vapours surround something!
Something hits you.
* * * LOW HITPOINT WARNING * * *
You miss something. Something hits you.
* * * LOW HITPOINT WARNING * * *
Casting: Poisonous Vapours (safe; 1% risk of failure)
Confirm with . or Enter, or press ? or * to list all spells.
You can't see any susceptible monsters within range! (Use Z to cast anyway.)
Casting: Poisonous Vapours (safe; 1% risk of failure)
Confirm with . or Enter, or press ? or * to list all spells.
Aiming: Sting (safe; 1% risk of failure)
Press: ? - help, Shift-Dir - straight line The sting hits something.
Something hits you!
Ouch! That really hurt!
You die...
Your body crumbles into a pile of gold.

### ### #.. ..#
###.# #.#
#####.#.# #.#
.......[#####.#
#...[.....#.######
#....# #.$......#
##.#@# ###.####.#
# #{#####.# #.#
#.......# #.#
######### #.#
###.# ##...#
##..###
####...#######
+.............


There were no monsters in sight!

Vanquished Creatures
  A dart slug (D:1)
  A leopard gecko (D:2)
  An orc (D:2)
  5 bats
  A giant cockroach (D:1)
  5 goblins
  3 hobgoblins
  4 jackals (D:3)
  4 frilled lizards
  8 kobolds
  3 rats (D:1)
36 creatures vanquished.

Notes
Turn   | Place    | Note
-------+----------+-------------------------------------------
     0 | D:1      | FishyPogo the Octopode Venom Mage began the quest for the
                  | Orb.
     0 | D:1      | Reached XP level 1. HP: 11/11 MP: 3/3
   389 | D:1      | Reached XP level 2. HP: 17/17 MP: 1/5
   393 | D:1      | Learned a level 2 spell: Poisonous Vapours
  1117 | D:2      | Found an opulent altar of Gozag.
  1129 | D:2      | Became a worshipper of Gozag Ym Sagoz the Greedy
  1189 | D:2      | Reached XP level 3. HP: 21/21 MP: 4/6
  1947 | D:3      | Noticed Sigmund
  2009 | D:3      | HP: 1/21 [something (5)]
  2010 | D:3      | Demolished by Sigmund

Levels and vault maps discovered:
D:1:      nzn_arrival_crosshair, layout_basic, minmay_close_crescents
D:2:      layout_basic, first_ration, grunt_gozag_breadcrumbs
D:3:      layout_loops_corners, grunt_temple_overflow_open, kennysheep_potato,
          uniq_sigmund

Skill      XL: |  1  2  3 |
---------------+----------+-----
Stealth        | 3 4 |  4.0
Poison Magic   | 4 |  4.0
Dodging        | |  2.4
Spellcasting   | |  2.0
Conjurations   | |  1.6

Action                   || total
-------------------------++-------
Melee: Dagger            ||    29
       Constrict         ||    11
       Tentacles         ||     5
       Unarmed           ||     1
 Cast: Sting             ||    34
       Poisonous Vapours ||    15
  Use: Potion            ||     4
 Stab: Sleeping          ||     5
  Eat: Chunk             ||     2
       Ration            ||     1
Armor: Skin              ||     4
Dodge: Dodged            ||    21
